 Dungeon Crawl Stone Soup version 0.21.1-1-g345015fe64 (webtiles) character file.

1441 Ablot the Cudgeler (level 8, 0/52 HPs)
             Began as a Gargoyle Fighter on July 19, 2018.
             Was an Initiate of Elyvilon.
             Killed by divine providence
             ... invoked by an orc priest
              (11 damage)
             ... on level 6 of the Dungeon.
             The game lasted 00:22:29 (5259 turns).

Ablot the Cudgeler (Gargoyle Fighter)               Turns: 5259, Time: 00:22:30

Health: 0/52       AC: 14    Str: 21    XL:     8   Next: 74%
Magic:  8/8        EV: 15    Int:  9    God:    Elyvilon [......]
Gold:   317        SH:  4    Dex: 10    Spells: 7/7 levels left

rFire    . . .     SeeInvis .   a - +0 flail
rCold    . . .     Gourm    .   d - +0 buckler
rNeg     + . .     Faith    .   b - +0 scale mail
rPois    ∞         Spirit   .   (no helmet)
rElec    +         Reflect  .   (no cloak)
rCorr    .         Harm     .   (no gloves)
MR       .....                  t - +0 pair of boots
Stlth    ..........             (no amulet)
HPRegen  0.17/turn              x - +4 ring of evasion
MPRegen  0.11/turn              l - +1 ring of protection

@: no status effects
A: negative energy resistance 1, electricity resistance, unbreathing,
petrification resistance, rot immunity, AC +5
a: Renounce Religion


You were on level 6 of the Dungeon.
You worshipped Elyvilon.
Elyvilon was noncommittal.
You were not hungry.

You visited 1 branch of the dungeon, and saw 6 of its levels.

You collected 317 gold pieces.

Inventory:

Hand Weapons
 a - a +0 flail (weapon)
 p - a +0 hand axe
 y - the +1 dagger of Yphofae {venom, +Fly rElec Dex+4}
   (You found it on level 4 of the Dungeon)

   It poisons the flesh of those it strikes.
   It affects your dexterity (+4).
   It insulates you from electricity.
   It lets you fly.
 z - a +2 war axe of flaming
Missiles
 n - 56 sling bullets (quivered)
 o - 34 poisoned needles
Armour
 b - a +0 scale mail (worn)
 d - a +0 buckler (worn)
 t - a +0 pair of boots (worn)
 w - a cursed +0 robe
Jewellery
 c - a +2 ring of strength {unknown}
 i - a +2 ring of intelligence
 l - a +1 ring of protection (right hand)
 x - a +4 ring of evasion (left hand)
 E - an uncursed ring of protection from cold {unknown}
Wands
 s - a wand of acid (7)
 u - a wand of flame (9)
Scrolls
 e - 4 scrolls of identify
 g - 3 scrolls of remove curse {unknown}
 j - 3 scrolls of immolation {unknown}
 k - a scroll of fear {unknown}
 m - a scroll of enchant armour {unknown}
 q - a scroll of amnesia {unknown}
 r - 2 scrolls of noise {unknown}
 C - a scroll of teleportation {unknown}
 D - a scroll of random uselessness {unknown}
Potions
 h - a potion of brilliance
 v - 2 potions of cancellation
 A - a potion of resistance {unknown}
 B - 2 potions of curing
Comestibles
 f - 13 rations
 F - 3 chunks of flesh


   Skills:
 + Level 6.6 Fighting
 * Level 7.6 Maces & Flails
 + Level 4.3 Armour
 + Level 3.2 Dodging
 - Level 4.0 Shields


You had 7 spell levels left.
You didn't know any spells.

Dungeon Overview and Level Annotations

Branches:
Dungeon (6/15)
 Temple: D:4-7

Altars:
Ashenzari
Elyvilon
Makhleb
Okawaru
Qazlal
The Shining One

Shops:
D:5 [


Innate Abilities, Weirdness & Mutations

You are resistant to torment.
Your stone body is resilient. (AC +5)
You are immune to poison.
You resist negative energy. (rN+)
You are resistant to electric shocks. (rElec)
You can survive without breathing.
You are immune to petrification.
You are immune to rotting.


Message History

You hit the wyvern zombie but do no damage.
The wyvern zombie is heavily damaged.
The wyvern zombie closely misses you.
You hit the wyvern zombie.
The wyvern zombie is severely damaged.
The wyvern zombie bites you!
* * * LOW HITPOINT WARNING * * *
You barely miss the wyvern zombie.
The wyvern zombie is severely damaged.
The wyvern zombie bites you but does no damage.
The wyvern zombie bites you.
* * * LOW HITPOINT WARNING * * *
You sock the wyvern zombie!
You destroy the wyvern zombie!
You block the orc priest's attack.
You sock the orc priest!
The orc priest is almost dead.
The orc priest calls down the wrath of Beogh upon you.
Beogh smites you!
You die...

... #.#......
..o. #.#......
....###........
.............
...........
#?....$...
#........
#o.##.### ##@.#
###########..##
##.....#......#
##........####<#
#.........# ##.#
#.........# #..#
#.........###.##
#.........##..#
#.........##)##


You could see an orc priest.

Vanquished Creatures
  An ice beast (D:5)
  A phantom (D:4)
  3 ogres
  A wyvern zombie (D:6)
  A howler monkey (D:4)
  2 electric eels (D:4)
  A centaur zombie (D:5)
  2 crimson imps
  2 jellies
  5 orc wizards
  8 orc priests
  Natasha (twice) (D:4 D:6)
  3 worker ants
  A hound zombie (D:5)
  A worker ant zombie (D:6)
  7 adders
  A worm (D:2)
  A dart slug (D:2)
  4 leopard geckos
  18 orcs
  A ball python (D:4)
  3 giant cockroaches
  3 goblins
  6 hobgoblins
  19 jackals
  2 quokkas
  4 bats
  6 kobolds
  6 rats
115 creatures vanquished.

Notes
Turn   | Place    | Note
-------+----------+-------------------------------------------
     0 | D:1      | Ablot the Gargoyle Fighter began the quest for the Orb.
     0 | D:1      | Reached XP level 1. HP: 14/14 MP: 1/1
    19 | D:1      | Noticed a minotaur skeleton
   768 | D:2      | Found a faded altar of an unknown god.
   797 | D:2      | Reached XP level 2. HP: 19/19 MP: 2/2
  1015 | D:2      | Reached XP level 3. HP: 23/23 MP: 3/3
  1522 | D:2      | Reached skill level 3 in Maces & Flails
  1661 | D:3      | Reached XP level 4. HP: 27/29 MP: 4/4
  2500 | D:4      | Reached skill level 4 in Maces & Flails
  2500 | D:4      | Reached XP level 5. HP: 31/33 MP: 5/5
  2640 | D:4      | Noticed Natasha
  2661 | D:4      | Reached XP level 6. HP: 30/39 MP: 6/6
  2664 | D:4      | Killed Natasha
  2669 | D:4      | Reached skill level 5 in Maces & Flails
  2744 | D:4      | Found a transporter.
  2776 | D:4      | Reached skill level 5 in Fighting
  2798 | D:4      | Reached skill level 1 in Dodging
  2964 | D:4      | Found a transporter.
  3282 | D:4      | Reached XP level 7. HP: 39/44 MP: 7/7
  3422 | D:4      | Found an iron altar of Okawaru.
  3571 | D:4      | Found a burning altar of Makhleb.
  3620 | D:4      | Found a stormy altar of Qazlal.
  3692 | D:5      | Entered Level 5 of the Dungeon
  3859 | D:4      | Got a crude dagger
  3861 | D:4      | Identified the +1 dagger of Yphofae {venom, +Fly rElec Dex+4} (You found it on level 4 of the Dungeon)
  4002 | D:4      | Reached skill level 6 in Maces & Flails
  4401 | D:5      | Found a shattered altar of Ashenzari.
  4417 | D:5      | Identified the cursed +0 long sword of Gojizuss {flame, SInv} (You found it on level 5 of the Dungeon)
  4425 | D:5      | Found a glowing golden altar of the Shining One.
  4515 | D:5      | Reached XP level 8. HP: 50/51 MP: 8/8
  4629 | D:5      | Found Ygiyzer's Antique Armour Boutique.
  4695 | D:5      | Reached skill level 7 in Maces & Flails
  4706 | D:5      | Found a white marble altar of Elyvilon.
  4714 | D:5      | Became a worshipper of Elyvilon the Healer
  5027 | D:6      | Noticed Natasha
  5040 | D:6      | Killed Natasha
  5259 | D:6      | Killed from afar by an orc priest

Skill      XL: |  1  2  3  4  5  6  7  8 |
---------------+-------------------------+-----
Shields        | 4 |  4.0
Maces & Flails | 3 4 5 6 7 |  7.6
Fighting       | 4 5 6 |  6.6
Dodging        | 1 2 3 |  3.2
Armour         | 4 |  4.3

Action                   |  1- 3 |  4- 6 |  7- 9 || total
-------------------------+-------+-------+-------++-------
Melee: Flail             |   111 |   192 |   226 ||   529
  Use: Scroll            |       |     2 |     3 ||     5
       Potion            |       |       |     2 ||     2
  Eat: Chunk             |     2 |     5 |     8 ||    15
Armor: Scale mail        |    57 |    96 |   172 ||   325
Dodge: Dodged            |    39 |    54 |   136 ||   229
Block: Shield            |    59 |    81 |    62 ||   202
       Buckler           |       |       |    29 ||    29
